 Dungeon Crawl Stone Soup version 0.23.0 (webtiles) character file.

Game seed: 9738164799662106137

52 tidbits the Charmwright (level 3, -2/31 HPs)
             Began as a Gnoll Skald on Feb 14, 2019.
             Slain by Crazy Yiuf
             ... wielding a +2 quarterstaff of chaos
              (7 damage)
             ... on level 2 of the Dungeon.
             The game lasted 00:04:54 (485 turns).

tidbits the Charmwright (Gnoll Skald)                Turns: 485, Time: 00:04:55

Health: -2/31      AC:  3    Str: 13    XL:     3   Next: 85%
Magic:  2/9        EV: 14    Int: 16    God:
Gold:   34         SH:  0    Dex: 14    Spells: 1/12 levels left

rFire    . . .     SeeInvis .   i - +2 mace (crush)
rCold    . . .     Gourm    .   (no shield)
rNeg     . . .     Faith    .   b - +0 leather armour
rPois    .         Spirit   .   (no helmet)
rElec    .         Reflect  .   (no cloak)
rCorr    .         Harm     .   (no gloves)
MR       .....                  (no boots)
Stlth    +.........             (no amulet)
HPRegen  0.10/turn              (no ring)
MPRegen  0.11/turn              (no ring)

@: lethally poisoned (-2 -> -7), very slightly contaminated
A: distributed training, fangs 1, strong nose
a: no special abilities


You were on level 2 of the Dungeon.
You were not hungry.

You visited 1 branch of the dungeon, and saw 3 of its levels.

You collected 34 gold pieces.

Inventory:

Hand Weapons
 a - a +0 spear
 e - a +0 dagger
 i - a +2 mace of crushing (weapon)
   (You found it on level 2 of the Dungeon)
Missiles
 m - 3 tomahawks (quivered)
Armour
 b - a +0 leather armour (worn)
Scrolls
 c - 2 scrolls of amnesia {unknown}
 f - a scroll of remove curse {unknown}
 g - a scroll of enchant armour {unknown}
 h - a scroll of identify {unknown}
 j - 2 scrolls of teleportation {unknown}
 k - 2 scrolls of magic mapping {unknown}
Comestibles
 d - 4 rations


   Skills:
 + Level 4.5 Fighting
 + Level 0.9 Short Blades
 + Level 0.9 Long Blades
 + Level 0.9 Axes
 + Level 0.9 Maces & Flails
 + Level 4.5 Polearms
 + Level 0.9 Staves
 + Level 0.9 Slings
 + Level 0.9 Bows
 + Level 0.9 Crossbows
 + Level 0.9 Throwing
 + Level 2.6 Armour
 + Level 4.5 Dodging
 + Level 0.9 Stealth
 + Level 0.9 Shields
 + Level 0.9 Unarmed Combat
 + Level 5.0 Spellcasting
 + Level 0.6 Conjurations
 + Level 0.6 Hexes
 + Level 5.4 Charms
 + Level 0.6 Summonings
 + Level 0.6 Necromancy
 + Level 0.6 Translocations
 + Level 0.6 Transmutations
 + Level 0.6 Fire Magic
 + Level 0.6 Ice Magic
 + Level 0.6 Air Magic
 + Level 0.6 Earth Magic
 + Level 0.6 Poison Magic
 + Level 1.0 Invocations
 + Level 0.9 Evocations


You had one spell level left.
You knew the following spells:

 Your Spells              Type           Power        Failure   Level  Hunger
g - Shroud of Golubria    Chrm/Tloc      ##........   9%          2    #......
i - Infusion              Chrm           ###.         1%          1    None
r - Regeneration          Chrm/Necr      ##........   17%         3    ###....
w - Spectral Weapon       Hex/Chrm       ##......     17%         3    ###....
y - Song of Slaying       Chrm           ###.....     3%          2    #......

Your spell library contained the following spells:

 Spells                   Type           Power        Failure   Level  Hunger


Dungeon Overview and Level Annotations

Branches:
Dungeon (3/15)

Altars:
Makhleb
Wu Jian

Annotations:
D:2 Crazy Yiuf


Innate Abilities, Weirdness & Mutations

Your experience applies equally to all skills.
You have very sharp teeth.
Your uncanny sense of smell can sniff out nearby items.


Message History

Your magical contamination has completely faded away.
Your spectral weapon fades away.
You feel sick.
You feel sick.
You are no longer poisoned.
You see here 18 bolts.
You are starting to lose your buoyancy.
You float gracefully downwards.
Unknown command.
Unknown command.
Found a scroll labeled DOCYIR WIUG.
Unknown command.
You see here a scroll labeled DOCYIR WIUG.
c - 2 scrolls labeled DOCYIR WIUG (gained 1)
Found a glowing mace.
Casting: Spectral Weapon (safe; 17% risk of failure)
Confirm with . or Enter, or press ? or * to list all spells.
Your skin crawls.
Casting: Regeneration (safe; 17% risk of failure)
Confirm with . or Enter, or press ? or * to list all spells.
You draw out your weapon's spirit!
You hit the fungus.
The fungus is lightly damaged.
Your spectral weapon hits the fungus from afar!
You hit the fungus.
The fungus is moderately damaged.
Your spectral weapon hits the fungus from afar.
You hit the fungus. You bite the fungus, but do no damage.
The fungus is heavily damaged.
Your spectral weapon completely misses the fungus.
You hit the fungus. You bite the fungus.
The fungus is severely damaged.
Your skin is crawling a little less now.
Your spectral weapon hits the fungus from afar!
You hit the fungus.
The fungus is almost destroyed.
Your spectral weapon hits the fungus from afar.
You hit the fungus.
You destroy the fungus!
You see here a glowing mace.
i - a glowing mace Your skin stops crawling.
Unknown command.
You feel your bond with your spectral weapon wane.
Found two maces.
Found a runed translucent door.
Casting: Spectral Weapon (safe; 17% risk of failure)
Confirm with . or Enter, or press ? or * to list all spells.
You miscast Shroud of Golubria.
You are very lightly contaminated with residual magic.
Nothing appears to happen.
Casting: Shroud of Golubria (safe; 9% risk of failure)
Confirm with . or Enter, or press ? or * to list all spells.
Space distorts slightly along a thin shroud covering your body.
Unknown command.
Found a mace.
Crazy Yiuf shouts!
Unknown command.
Found a mace.
It was a potion of heal wounds.
You feel much better.
Unknown command.
Wield which item (- for none, * to show all)? (? for menu, Esc to quit)
That's the wrong kind of item! (Use * to select it.) Wield which item (- for none, * to show all)? (? for menu, Esc to quit)
i - a +2 mace of crushing (weapon)
You open the door. You hit Crazy Yiuf but do no damage. You bite Crazy Yiuf.
Crazy Yiuf is lightly wounded.
Crazy Yiuf completely misses you.
You hit Crazy Yiuf but do no damage. You bite Crazy Yiuf, but do no damage.
Crazy Yiuf is lightly wounded.
Crazy Yiuf yells, "Action spinner ladder!"
Crazy Yiuf hits you with a +2 quarterstaff of chaos!
Your shroud falls apart!
You are poisoned.
Crazy Yiuf glowers.
Crazy Yiuf closely misses you.
Unknown command.
You aren't carrying any potions.
Unknown command.
You hit Crazy Yiuf.
Crazy Yiuf is moderately wounded.
You feel sick.
Crazy Yiuf hits you with a +2 quarterstaff of chaos.
You hit Crazy Yiuf but do no damage.
Crazy Yiuf is moderately wounded.
You feel sick.
Crazy Yiuf hits you with a +2 quarterstaff of chaos.
* * * LOW HITPOINT WARNING * * *
Crazy Yiuf burns you.
* * * LOW HITPOINT WARNING * * *
You hit Crazy Yiuf.
Crazy Yiuf is heavily wounded.
* * * LOW HITPOINT WARNING * * *
You feel sick. Crazy Yiuf misses you.
You hit Crazy Yiuf but do no damage. Your bite misses Crazy Yiuf.
Crazy Yiuf is heavily wounded.
* * * LOW HITPOINT WARNING * * *
You feel sick.
Crazy Yiuf hits you with a +2 quarterstaff of chaos!
You die...

##..<##.######..#
#.## .##.###.###
#### #..##
.........(# #...#
.###.##.#.##
##### #..#######
## #.##.#..#
#..)# #†........
# #.##.#### #.).#
#.######## #.##.#
).) #.# #.##.#
#g# #.# #.##.#
##@# #.# #.##.#
#.## #.#
#.##.#### ##.#
### #.##....#
#.## #.#######
##.# #.# #(P###
#.####### #.PPP#
#.......# #....#
#######.####..##


You could see Crazy Yiuf.

Vanquished Creatures
  3 adders
  A worm (D:2)
  A giant cockroach (D:2)
  A goblin (D:1)
  A hobgoblin (D:1)
  2 jackals (D:2)
  7 kobolds
  A quokka (D:2)
  A bat (D:2)
  A frilled lizard (D:2)
  5 rats
  A fungus (D:2)
25 creatures vanquished.

Notes
Turn   | Place    | Note
-------+----------+-------------------------------------------
     0 | D:1      | tidbits the Gnoll Skald began the quest for the Orb.
     0 | D:1      | Reached XP level 1. HP: 20/20 MP: 6/6
    89 | D:1      | Reached XP level 2. HP: 26/26 MP: 2/7
    93 | D:1      | Learned a level 2 spell: Song of Slaying
    96 | D:1      | Learned a level 2 spell: Shroud of Golubria
   244 | D:3      | Reached XP level 3. HP: 26/31 MP: 3/9
   249 | D:3      | Learned a level 3 spell: Regeneration
   253 | D:3      | Learned a level 3 spell: Spectral Weapon
   269 | D:2      | Reached skill level 5 in Spellcasting
   286 | D:2      | Found an ornate altar of the Wu Jian Council.
   320 | D:2      | Found a burning altar of Makhleb.
   336 | D:2      | Reached skill level 1 in Invocations
   471 | D:2      | Found a runed translucent door.
   474 | D:2      | Noticed Crazy Yiuf
   484 | D:2      | HP: 6/31 [poisoned by Crazy Yiuf]
   485 | D:2      | Slain by Crazy Yiuf

Skill      XL: |  1  2  3 |
---------------+----------+-----
Spellcasting   | 5 |  5.0
Invocations    | 1 |  1.0
Fighting       | |  4.5
Short Blades   | |  0.9
Long Blades    | |  0.9
Axes           | |  0.9
Maces & Flails | |  0.9
Polearms       | |  4.5
Staves         | |  0.9
Slings         | |  0.9
Bows           | |  0.9
Crossbows      | |  0.9
Throwing       | |  0.9
Armour         | |  2.6
Dodging        | |  4.5
Stealth        | |  0.9
Shields        | |  0.9
Unarmed Combat | |  0.9
Conjurations   | |  0.6
Hexes          | |  0.6
Charms         | |  5.4
Summonings     | |  0.6
Necromancy     | |  0.6
Translocations | |  0.6
Transmutations | |  0.6
Fire Magic     | |  0.6
Ice Magic      | |  0.6
Air Magic      | |  0.6
Earth Magic    | |  0.6
Poison Magic   | |  0.6
Evocations     | |  0.9

Action                   || total
-------------------------++-------
Melee: Spear             ||    76
       Bite              ||     8
       Mace              ||     6
 Cast: Infusion          ||     5
       Song of Slaying   ||     1
       Spectral Weapon   ||     3
       Regeneration      ||     1
       Shroud of Golubri ||     1
  Use: Potion            ||     4
 Stab: Sleeping          ||     1
Armor: Leather armour    ||    13
Dodge: Dodged            ||    34

Table legend:
 A = Turns spent in this place as a percentage of turns spent in the entire game.
 B = Non-inter-level travel turns spent in this place as a percentage of non-inter-level travel turns spent in the entire game.
 C = Inter-level travel turns spent in this place as a percentage of turns spent in this place.
 D = Turns resting spent in this place as a percentage of non-inter-level travel turns spent in this place.
 E = Turns spent auto-exploring this place as a percentage of non-inter-level travel turns spent in this place.
 F = Non-inter-level travel turns spent in this place divided by the number of levels of this place that you've seen.
                   A       B       C       D       E      F
               +-------+-------+-------+-------+-------+----------------------
         Total | 100.0 | 100.0 |   7.4 |   0.0 |   0.0 | 149.7
       Dungeon | 100.0 | 100.0 |   7.4 |   0.0 |   0.0 | 149.7
               +-------+-------+-------+-------+-------+----------------------

Table legend:
 A = Kills in this place as a percentage of kills in entire the game.
 B = Kills by you in this place as a percentage of kills by you in the entire game.
 C = Kills by friends in this place as a percentage of kills by friends in the entire game.
 D = Other kills in this place as a percentage of other kills in the entire game.
 E = Experience gained in this place as a percentage of experience gained in the entire game.
 F = Experience gained in this place divided by the number of levels of this place that you have seen.
                   A       B       C       D       E      F
               +-------+-------+-------+-------+-------+----------------------
         Total | 100.0 | 100.0 |   N/A |   N/A | 100.0 |  25.0
       Dungeon | 100.0 | 100.0 |   N/A |   N/A | 100.0 |  25.0
               +-------+-------+-------+-------+-------+----------------------

Levels and vault maps discovered:
D:1:      onia_arrival_pyramid, layout_basic
D:2:      layout_loops_ring, nicolae_overflow_crystal_walls,
          lemuel_crystal_altar, bloody_makhleb, uniq_crazy_yiuf_cottage
D:3:      layout_loops_ring, cheibrodos_sewer_entry_sluice, minmay_cut_off
